[Event "1st Anfield Cup 2022"]
[Site "Kyiv"]
[Date "2022.09.24"]
[Round "2.5"]
[White "Grinev, Valeriy"]
[Black "Mikhalsky, Vladimir"]
[Result "1-0"]
[ECO "A40"]
[WhiteElo "2425"]
[BlackElo "2269"]
[Annotator "TA"]
[PlyCount "135"]
[EventDate "2022.09.20"]
[EventType "swiss"]
[EventCountry "UKR"]
[SourceTitle "playchess.com"]
[Source "ChessBase"]
[SourceQuality "1"]
[TimeControl "900+10"]

1. d4 g6 2. c4 Bg7 3. e4 d6 4. Nc3 e5 5. Nge2 Nc6 6. Be3 Nf6 7. d5 Ne7 8. f3 O-O 9. Qd2 Nd7 10. g4 f5 11. gxf5 {[%emt 0:00:11] E85: King's Indian: Sämisch: 6...e5.} gxf5 12. O-O-O a6 13. Bh3 {[%emt 0:00:10] [#] White is better.} b5 $146 ({Predecessor:} 13... Nf6 14. Rhg1 f4 15. Bxc8 Qxc8 16. Bf2 Qd7 17. c5 Rfd8 18. Rg2 Ng6 19. Rdg1 dxc5 20. Bxc5 {1-0 (34) Thorhallsson,S (2027)-Mitra,A (1769) Uppsala 2017}) 14. Rhg1 Nb6 (14... f4 $1 $11 15. Be6+ Kh8) 15. Bh6 {[%emt 0:03:46] White has more active pieces.} (15. Bxb6 $14 cxb6 16. Qg5 (16. cxb5 axb5 17. Qg5 Ng6 $16)) 15... Ng6 $11 16. Bxg7 Kxg7 17. exf5 Bxf5 18. Bxf5 Rxf5 19. Ng3 Rf7 (19... Rxf3 $11 {keeps the balance.} 20. cxb5 axb5) 20. Nh5+ $16 (20. cxb5 $6 axb5 21. Kb1 Rxf3 $11) 20... Kh8 21. Qh6 $36 {[%emt 0:00:08][%mdl 2048] aiming for Rxg6. White has strong initiative.} (21. cxb5 Qf8 22. bxa6 Rxf3 $17) 21... Qg8 22. Rg3 ({White should play} 22. c5 $16 Nc8 23. Ne4) 22... Nd7 {[%emt 0:00:03][%mdl 8192] Black is on the road to losing.} (22... Nxc4 $2 23. Rdg1 Qf8 24. Rxg6 $18) (22... Nc8 $1 $11) 23. Rdg1 {[%emt 0:00:10][%cal Rg3g6] Rxg6 is the strong threat.} (23. cxb5 axb5 24. Rdg1 (24. Nxb5 Rxa2 25. Kb1 Qa8 $15) 24... Ndf8 $16) 23... Ndf8 24. Ne4 {[%emt 0:03:06] And now Nef6 would win.} (24. cxb5 $6 axb5 25. f4 (25. Nxb5 Rxa2 26. Kc2 Ra5 $11) 25... Rf5 $16) 24... bxc4 (24... Rf5 $142 25. f4 Rxh5 26. Qxh5 exf4) 25. Ng5 ({But not} 25. Nef6 Rxf6 26. Nxf6 Qf7 $18) 25... c6 $2 (25... Rf5 26. Ne6 Qf7) 26. Ne6 $2 (26. Nxf7+ Qxf7 27. dxc6) 26... cxd5 $18 27. Nxf8 {[%emt 0:00:02][%mdl 64] [#] Remove Defender, Deflection} Qxf8 28. Rxg6 {[%emt 0:00:02] Threatening mate with Rg7. Really sharp!} Qxh6+ 29. Rxh6 Rd8 30. Rg3 d4 31. Re6 a5 32. a4 Rf5 (32... d3 $142 33. Nf6 Rdf8) 33. Nf6 Rf8 34. Nd7 Rg8 35. Rxd6 Rxg3 36. hxg3 Rxf3 (36... Kg7 $142 37. Rd5 Rxf3 38. Nxe5 Rf1+ 39. Kd2 Rf2+ 40. Kd1 Rxb2 41. Rxd4 h5) 37. Nxe5 {[%emt 0:00:03][%mdl 4096] Endgame KRN-KR} Rf1+ 38. Kd2 Rf2+ 39. Ke1 Rxb2 (39... Rc2 $142 40. Rxd4 Rxb2 41. Rxc4 Kg7) 40. Nxc4 Rb4 41. Nxa5 Rxa4 42. Nc6 Ra3 43. Kf2 d3 (43... Ra6 $142 44. Kf3 d3 45. Rd8+ Kg7) 44. Ne5 Ra2+ 45. Kf3 d2 46. Nc4 Rc2 47. Nxd2 Kg7 48. Ne4 Ra2 49. Kf4 Ra1 50. Rc6 Ra5 51. Rc5 Ra6 52. Kf5 {[%emt 0:00:02] White threatens Rc7+ and mate.} Ra7 {[%emt 0:00:07] Against Rc7+} 53. Ng5 Rb7 {[%emt 0:00:27] [#]} 54. Rc7+ $3 {[%emt 0:00:08][%mdl 512] White mates.} Rxc7 {[%emt 0:00:26] KR-KN} 55. Ne6+ Kh6 56. Nxc7 {[%emt 0:00:03] KN-KP} Kg7 57. Kg5 Kf7 58. Kh6 Kg8 59. Nd5 Kh8 60. g4 Kg8 61. Nf6+ Kh8 62. Nxh7 Kg8 63. Nf6+ Kh8 64. Ne4 Kg8 65. g5 Kh8 66. g6 Kg8 67. g7 Kf7 68. Kh7 {[%emt 0:00:01] Weighted Error Value: White=0.31/Black=0.40} 1-0

[Event "1st Anfield Cup 2022"]
[Site "Kyiv"]
[Date "2022.09.24"]
[Round "2.6"]
[White "Popovkin, Petro"]
[Black "Samunenkov, Ihor"]
[Result "0-1"]
[ECO "B10"]
[WhiteElo "2156"]
[BlackElo "2469"]
[Annotator "TA"]
[PlyCount "158"]
[EventDate "2022.09.20"]
[EventType "swiss"]
[EventCountry "UKR"]
[SourceTitle "playchess.com"]
[Source "ChessBase"]
[SourceQuality "1"]
[TimeControl "900+10"]

1. e4 c6 2. Nf3 d5 3. Nc3 dxe4 4. Nxe4 Nf6 5. Qe2 Nxe4 6. Qxe4 Nd7 {[%emt 0:00:40] B11: Caro-Kann: Two Knights Variation.} 7. Bc4 Nf6 {[%emt 0:00:03] [#]} 8. Ne5 $1 e6 {[%emt 0:00:02] White is slightly better.} 9. Qe2 b5 10. Bb3 (10. Nxc6 Qc7 11. Bd3 (11. Bxb5 a6 $17) 11... a6 $15) 10... Qc7 11. d4 Bd6 12. Bf4 O-O 13. O-O a5 14. a3 {[%emt 0:01:06] [#]} Ba6 $146 ({Predecessor:} 14... c5 15. dxc5 Qxc5 16. Rfd1 Bc7 17. a4 b4 18. Nd3 Qe7 19. Bxc7 Qxc7 20. Qe5 Qb6 {½-½ (47) Salinas Herrera,P (2514)-Keymer,V (2568) Chess.com INT 2020}) 15. Rfe1 a4 16. Ba2 b4 17. Qf3 bxa3 18. bxa3 Bb7 19. Rab1 Rab8 20. Nd3 Bxf4 21. Qxf4 Qxf4 22. Nxf4 Ba6 {[%emt 0:00:11] Prevents Bc4.} 23. c4 {[%emt 0:01:43] Against Nd5} Rfd8 24. Nd3 Nd7 (24... Rxb1 $11 {remains equal.} 25. Rxb1 Nd5) 25. f3 g5 {[%emt 0:00:54] [#]} 26. Kf2 (26. Rxb8 $1 $16 Rxb8 27. Nb4) 26... Kg7 (26... Nb6 $1 $11) 27. Ke3 h6 28. Rb4 Rxb4 29. Nxb4 Bb7 30. Nd3 {[%emt 0:00:01] Prevents c5.} Ba6 31. Rb1 Rb8 (31... e5 $16 {might work better.}) 32. Rxb8 $18 Nxb8 {[%emt 0:00:01][%mdl 4096] Endgame KBN-KBN} 33. Nc5 {[%emt 0:00:02] Prevents Nd7.} Kf6 34. f4 ({But not} 34. Nxa4 Nd7 35. c5 Ke7) 34... Ke7 35. Nxa4 Nd7 36. g3 f5 37. Nb2 Nf6 38. h3 {[%emt 0:00:04] Prevents Ng4+.} (38. h4 $18 {is more deadly.}) 38... Ne4 39. fxg5 hxg5 40. h4 Kf6 41. Kf3 ({White should play} 41. hxg5+ $16 Kxg5 42. Nd3) 41... g4+ 42. Kf4 $2 (42. Kg2 $11 {and White has nothing to worry.}) 42... Nc3 $2 (42... c5 $19 43. dxc5 (43. Bb1 $2 {is a self mate.} cxd4 44. Nd3 Nc3 45. h5 Ne2#) 43... e5+ 44. Ke3 Nxg3) 43. Bb3 $15 Ne2+ (43... c5 $5 44. dxc5 Ne2+ 45. Ke3 Nxg3 $15) 44. Ke3 Nxg3 {[%emt 0:00:03][%cal Oc6c5] Strongly threatening ...c5!} 45. Nd3 Nf1+ 46. Ke2 $1 Ng3+ (46... Nh2 $5 ) 47. Ke3 Ne4 {[%emt 0:00:12] ...g3 is the strong threat.} 48. Ne5 {[%emt 0:00:12][%cal Oe5g4] aiming for Nxg4+!} g3 {[%emt 0:00:13] White must now prevent ...c5.} 49. Nf3 $2 (49. c5 $1 $11) 49... g2 $2 {[%emt 0:00:18] [#]} ({Better is} 49... c5 $19 50. Bc2 cxd4+ 51. Nxd4 e5) 50. a4 $2 (50. c5 $1 $16 {keeps the pressure on.}) 50... c5 $19 51. Bc2 $2 (51. d5) 51... cxd4+ 52. Kxd4 {[%emt 0:00:01] [#]} Nd2 $1 53. Ng1 e5+ $2 (53... f4 54. Be4 e5+ 55. Kd3 Nxe4 56. Kxe4 Bb7+ 57. Kd3 e4+ 58. Ke2 Kg6) 54. Kc3 $2 (54. Ke3 Nxc4+ 55. Kf2) 54... Nf1 {[%emt 0:00:12] Hoping for ...Bb7.} 55. c5 e4 56. Kd4 Nd2 57. Ke3 {[%emt 0:00:05] Prevents Nf3.} Nc4+ (57... Nf3 $142 58. Kf2 Nxh4) 58. Kf2 (58. Kf4 {was the only defense.}) 58... Bb7 {[%emt 0:00:05] Threatens to win with ...f4.} 59. Bb3 $2 (59. Ne2 e3+ 60. Kg1) 59... e3+ 60. Ke2 Nd2 61. Bc2 {[%emt 0:00:23] [#]} Nf3 $1 62. Nh3 Nd4+ 63. Kxe3 Nxc2+ 64. Kf2 Nd4 65. Nf4 Nb3 66. Nxg2 Nxc5 67. a5 Nb3 68. Nf4 Nxa5 69. Ke3 Nc6 70. Nd5+ Ke5 71. Nf4 Ne7 {[%emt 0:00:06] ( -> ...Nd5+)} 72. Nd3+ Kf6 {[%emt 0:00:02] And now ...Be4 would win.} 73. Kf4 Ng6+ 74. Kg3 Be4 75. Nf2 f4+ 76. Kg4 Bf5+ 77. Kf3 Ke5 {[%emt 0:00:01] Black is clearly winning.} 78. h5 Nh4+ 79. Ke2 Kf6 {[%emt 0:00:04] Black used his chance.  Weighted Error Value: White=0.93/Black=0.58} 0-1

[Event "1st Anfield Cup 2022"]
[Site "Kyiv"]
[Date "2022.09.24"]
[Round "3.1"]
[White "Shishkin, Vadim"]
[Black "Vysochin, Spartak"]
[Result "1/2-1/2"]
[ECO "D10"]
[WhiteElo "2417"]
[BlackElo "2512"]
[Annotator "TA"]
[PlyCount "35"]
[EventDate "2022.09.20"]
[EventType "swiss"]
[EventCountry "UKR"]
[SourceTitle "playchess.com"]
[Source "ChessBase"]
[SourceQuality "1"]
[TimeControl "900+10"]

1. d4 d5 2. c4 c6 3. cxd5 cxd5 4. Nc3 Nf6 5. Bf4 Nc6 6. e3 a6 7. Nf3 Bg4 8. Be2 e6 {[#] 8...Bxf3 might become the main line.} {Predecessor:} 9. O-O $146 {D13: Slav Defence: Exchange variation without ...Bf5.} Bd6 10. Bg5 h6 11. Bh4 g5 12. Bg3 Bxg3 13. hxg3 Kf8 14. Ne5 Bxe2 15. Qxe2 Ne7 16. f4 g4 17. Nxg4 Nxg4 18. Qxg4 {0-1 (26) Narayanan,S (2559)-Jobava,B (2588) Chess.com INT 2022} 1/2-1/2

[Event "1st Anfield Cup 2022"]
[Site "Kyiv"]
[Date "2022.09.24"]
[Round "3.2"]
[White "Malakhatko, Vadim"]
[Black "Skliarov, Viktor"]
[Result "1/2-1/2"]
[ECO "E18"]
[WhiteElo "2448"]
[BlackElo "2384"]
[Annotator "TA"]
[PlyCount "45"]
[EventDate "2022.09.20"]
[EventType "swiss"]
[EventCountry "UKR"]
[SourceTitle "playchess.com"]
[Source "ChessBase"]
[SourceQuality "1"]
[TimeControl "900+10"]

1. d4 Nf6 2. c4 e6 3. Nf3 b6 4. g3 Bb7 5. Bg2 Be7 6. O-O O-O 7. Nc3 Ne4 8. Bd2 d5 9. cxd5 exd5 10. Rc1 Nxc3 11. Rxc3 Nd7 12. Bf4 c6 {[%emt 0:00:09] [#] E18: Queen's Indian: Old Main Line (4 g3 Bb7 5 Bg2 Be7 6 0-0 0-0 7 Nc3).} 13. Rc2 $146 ({Predecessor:} 13. Qc2 Re8 14. Ne5 Nxe5 15. Bxe5 Bb4 16. Rb3 Bf8 17. Bf4 Qd7 18. Rd1 Rad8 19. a3 Qg4 20. Bf3 {1-0 (75) Sahovic,D (2520)-Lein,A (2535) Lone Pine 1979}) 13... Re8 14. Qd3 Bf6 15. Rfc1 h6 16. h4 Qe7 17. Nh2 c5 {[%emt 0:01:47] The position is equal.} 18. dxc5 Nxc5 19. Qd1 {[%emt 0:00:05] With the idea b4.} d4 {[%emt 0:00:14] And now ...Bxg2 would win.} 20. Bxb7 Qxb7 21. Ng4 Qe7 22. b4 Ne6 23. Bd2 {[%emt 0:00:22] Weighted Error Value: White=0.07 (flawless) /Black=0.08 (flawless)} 1/2-1/2

[Event "1st Anfield Cup 2022"]
[Site "Kyiv"]
[Date "2022.09.24"]
[Round "3.3"]
[White "Maliutin, Oleksandr"]
[Black "Grinev, Valeriy"]
[Result "1/2-1/2"]
[ECO "A30"]
[WhiteElo "2232"]
[BlackElo "2425"]
[Annotator "TA"]
[PlyCount "91"]
[EventDate "2022.09.20"]
[EventType "swiss"]
[EventCountry "UKR"]
[SourceTitle "playchess.com"]
[Source "ChessBase"]
[SourceQuality "1"]
[TimeControl "900+10"]

1. c4 c5 2. Nf3 Nc6 3. e3 Nf6 4. d4 cxd4 5. exd4 d5 6. Nc3 Bg4 7. cxd5 Nxd5 8. Be2 e6 9. Qb3 Nb6 10. Be3 Be7 11. Rd1 O-O 12. O-O Nb4 13. h3 Bh5 14. d5 {[%emt 0:00:27] B13: Caro-Kann: Exchange Variation and Panov-Botvinnik Attack.} N4xd5 15. Bxb6 Qxb6 16. Nxd5 exd5 17. Rxd5 Qxb3 18. axb3 Bg6 19. Rd7 Bf6 20. Rxb7 {[%emt 0:00:28] [#]} Bxb2 $146 {[%emt 0:00:06] A strong pair of Bishops.} ({Predecessor:} 20... Rfb8 21. Rxb8+ Rxb8 22. Bc4 Bxb2 23. Rd1 h6 24. Rd7 a5 25. Nh4 Kh7 26. f4 Bf6 27. Nxg6 fxg6 28. Kf2 Rd8 29. Rb7 Rd4 {½-½ (29) Villarreal,P-Aracri,M St Rosa 1983}) 21. Bc4 a5 22. Re1 a4 (22... Rfb8 $11 {keeps the balance.} 23. Rxb8+ Rxb8) 23. bxa4 $16 {[%emt 0:00:06] White is much more active.} Rxa4 24. Bxf7+ ({Don't play} 24. Rxb2 Rxc4 25. Re7 h6 $11) 24... Bxf7 25. Rxb2 Ra7 26. Ne5 Bd5 27. Rd2 Ba8 28. Nd7 Rc8 29. Re7 {[%emt 0:00:19][%cal Od7f6] And now Nf6+! would win.} Rac7 {[%emt 0:00:34] [#]} 30. Nf6+ $1 gxf6 31. Rxc7 {[%emt 0:00:01][%mdl 64] Overworked Piece} Rxc7 {[%emt 0:00:01][%mdl 4096] Endgame KRB-KR} 32. Rd8+ Kg7 {[%emt 0:00:02] aiming for ...Bc6.} 33. Rxa8 {[%emt 0:00:02] KR-KR} Rc2 34. g4 h5 35. gxh5 Rc5 {[%emt 0:00:02] Inhibits Ra5.} 36. Ra7+ Kh6 37. Rf7 Rc6 38. Kg2 Kxh5 39. Rg7 Kh6 40. Rg8 Rc3 41. f3 Rc4 42. Kg3 Ra4 43. f4 (43. h4 $14) 43... Kh7 {[%emt 0:00:14] The position is equal.} 44. Rg4 Ra3+ 45. Kh4 Rf3 46. Rg1 {Weighted Error Value: White=0.03 (flawless) /Black=0.05 (flawless)} 1/2-1/2

[Event "1st Anfield Cup 2022"]
[Site "Kyiv"]
[Date "2022.09.24"]
[Round "3.4"]
[White "Samunenkov, Ihor"]
[Black "Sydoryka, Vladyslav"]
[Result "1-0"]
[ECO "C10"]
[WhiteElo "2469"]
[BlackElo "2278"]
[Annotator "TA"]
[PlyCount "135"]
[EventDate "2022.09.20"]
[EventType "swiss"]
[EventCountry "UKR"]
[SourceTitle "playchess.com"]
[Source "ChessBase"]
[SourceQuality "1"]
[TimeControl "900+10"]

1. e4 e6 2. d4 d5 3. Nd2 dxe4 4. Nxe4 Bd7 5. Nf3 Bc6 6. Bd3 Nd7 7. O-O Ngf6 8. Ng3 Bxf3 9. Qxf3 c6 10. c4 Be7 11. b3 O-O 12. Bb2 a5 13. a3 Qc7 {[%emt 0:02:03] C10: French with 3 Nc3: Unusual Black 3rd moves and 3...dxe4.} 14. Rfe1 Rfe8 15. Rad1 Bd6 {[%emt 0:01:33] [#] White is slightly better.} 16. Kh1 $146 ({Predecessor:} 16. Bb1 b5 17. Ne4 Bxh2+ 18. Kh1 Bd6 19. cxb5 cxb5 20. Rc1 Qb8 21. d5 Nxd5 22. Ng5 {1-0 (31) Ortiz Suarez,I (2603)-Tapia,D (2292) Bogota 2012}) 16... Rad8 17. Re2 c5 18. dxc5 $1 Nxc5 19. Bc2 Ncd7 20. Ne4 {[%emt 0:01:39] White has more active pieces.} Be7 21. Red2 Nxe4 22. Bxe4 {[%emt 0:01:49] This bishop pair is nice.} Nc5 {[%emt 0:01:12] [#]} (22... Bg5 $11 23. Rd6 (23. Bxh7+ Kxh7 24. Qh5+ Bh6 $11) 23... Nc5 24. Rxd8 (24. Qc3 $2 Bf6 $19) 24... Rxd8 25. Rxd8+ Bxd8) 23. Bc2 (23. Bxh7+ $1 $16 Kxh7 24. Qxf7) 23... Rxd2 $14 24. Rxd2 Rd8 25. Re2 Nd7 26. Qh3 (26. Bxh7+ $2 Kxh7 27. Qxf7 Nf6 $19) 26... h6 27. Qf3 (27. Rxe6 $11 {might be stronger.} Bf6 28. Bxf6 (28. Rxf6 Nxf6 29. Qf5 Qd7 $17) 28... Nxf6 29. Re2 (29. Rxf6 $2 Qe5 $19)) 27... Bf6 28. Bc1 a4 29. Qe4 (29. g3 $15) 29... axb3 $17 30. Qh7+ Kf8 31. Bxb3 Nc5 32. Bc2 Qc6 33. Be3 b6 34. Re1 (34. Rd2 $15 Rxd2 35. Bxd2) 34... Ke7 35. h3 Ra8 (35... Qa8 $17 36. Bd1 Qxa3) 36. Rd1 Rd8 (36... Rxa3 $17 37. Kg1 Qc7) 37. Rxd8 $11 Kxd8 38. Qh8+ Ke7 39. Qb8 (39. Kg1 $11) 39... Bg5 (39... Nd7 $17 40. Qf4 Bg5) 40. Bd4 (40. Qa7+ $11 Kf8 41. f4 (41. Qb8+ Ke7 $11)) 40... Bf6 (40... Nd7 $15 41. Qg3 Qxc4) 41. Be3 (41. Qa7+ $11 {keeps the balance.} Kf8 42. Qb8+ Ke7 43. Bxc5+ bxc5 44. Qa7+ Kf8 45. Qb8+ Ke7 46. Qa7+ Kf8 47. a4) 41... Bg5 (41... Nd7 $17 42. Qf4 Bg5) 42. f4 Bf6 43. Qa7+ Kf8 $1 44. a4 {[%emt 0:00:19] aiming for a5.} Bc3 {[%emt 0:00:11] Prevents a5.} 45. Qb8+ Ke7 {[%emt 0:00:03] White must now prevent ...Nd7.} 46. Qa7+ {[%emt 0:00:09] [#]} (46. f5 $11 {remains equal.}) 46... Kf8 (46... Nd7 $1 $17 47. f5 Bb4) 47. Bd1 Qe4 $2 {[%emt 0:00:21][%mdl 8192] [#]} (47... Qd6 $11 48. Bf3 Nd7) 48. Bxc5+ $2 (48. Qxb6 $1 $18 Kg8 49. Qxc5) 48... bxc5 49. Qxc5+ $18 {[%emt 0:00:08][%mdl 4096] Endgame KQB-KQB} Kg8 50. Qf2 Bd4 51. Bc2 Bxf2 52. Bxe4 $11 {[%emt 0:00:01] KB-KB} Bg3 53. f5 exf5 54. Bxf5 g6 55. Be4 f5 56. Bf3 Kf7 57. c5 Bf2 58. c6 Bb6 59. g3 Kf6 60. Kg2 Ke5 61. h4 h5 (61... Kd6 $11) 62. Bd1 $14 Ke4 63. Bb3 {[%emt 0:00:06] Bf7 is the strong threat.} f4 $2 {[%emt 0:00:09][%mdl 8192] This costs Black the game.} ({Black should try} 63... Ke5 $1 $14) 64. Bc2+ $18 Ke3 $2 (64... Ke5 65. Bxg6 fxg3) 65. Bxg6 f3+ 66. Kf1 Bc7 67. Bxh5 Bxg3 68. a5 {[%emt 0:00:01] Weighted Error Value: White=0.35/Black=0.34} 1-0

[Event "1st Anfield Cup 2022"]
[Site "Kyiv"]
[Date "2022.09.24"]
[Round "3.5"]
[White "Andreev, Eduard"]
[Black "Yeshchenko, Uliana"]
[Result "1/2-1/2"]
[ECO "B30"]
[WhiteElo "2413"]
[BlackElo "2073"]
[Annotator "TA"]
[PlyCount "60"]
[EventDate "2022.09.20"]
[EventType "swiss"]
[EventCountry "UKR"]
[SourceTitle "playchess.com"]
[Source "ChessBase"]
[SourceQuality "1"]
[TimeControl "900+10"]

1. e4 c5 2. Nf3 Nc6 3. Bb5 e6 4. O-O Nge7 5. Nc3 a6 6. Bxc6 Nxc6 7. d4 cxd4 8. Nxd4 Be7 9. Nxc6 dxc6 10. Qg4 {[%emt 0:02:49] [#] And now Rd1 would win. was the old line (10.e5).} Bf6 {[%emt 0:01:11] B30: Sicilian: 2...Nc6 3 Bb5, lines without ...g6.} 11. Qg3 e5 12. Be3 b6 {[%emt 0:02:25] White is slightly better.} 13. Rad1 Qc7 14. f4 O-O 15. f5 {[%emt 0:00:02] [#]} Bb7 $146 ({Predecessor:} 15... a5 16. Qf2 Ba6 17. Rfe1 Rab8 18. Na4 c5 19. Nc3 Bb7 20. g4 Qe7 21. Re2 Rfd8 {0-1 (27) Hokkanen,P (2217)-Tuominen,T (2063) Salo 2020}) 16. Qf2 {[%emt 0:00:43] White has more active pieces. The black rooks are badly placed.} c5 17. g4 {[%emt 0:01:20] [#] Black must now prevent g5.} Qe7 18. Nd5 Bxd5 19. Rxd5 Bg5 20. Bxg5 Qxg5 21. Qg3 $1 Rad8 22. h4 (22. Rxe5 $5 Rde8 23. Rxe8 Rxe8 24. Qf4 $14) 22... Qe7 23. Rfd1 h6 24. g5 (24. c4 $14 {might be stronger.}) 24... hxg5 25. hxg5 Rxd5 26. Rxd5 $11 {[%emt 0:00:02] KQR-KQR} Rd8 27. f6 Qe8 (27... Qc7 $14) 28. c4 ({Much weaker is} 28. Qxe5 $6 Qxe5 29. Rxe5 Rd2 $11) ({White should try} 28. b3 $16) 28... Rxd5 {[%emt 0:00:29] The position is equal.} 29. exd5 Qa4 30. b3 Qxa2 {[%emt 0:00:22] Weighted Error Value: White=0.13 (very precise) /Black=0.10 (very precise)} 1/2-1/2

[Event "1st Anfield Cup 2022"]
[Site "Kyiv"]
[Date "2022.09.24"]
[Round "3.6"]
[White "Taborov, Boris"]
[Black "Frolov, Artur"]
[Result "1/2-1/2"]
[ECO "A56"]
[WhiteElo "2328"]
[BlackElo "2379"]
[Annotator "TA"]
[PlyCount "14"]
[EventDate "2022.09.20"]
[EventType "swiss"]
[EventCountry "UKR"]
[SourceTitle "playchess.com"]
[Source "ChessBase"]
[SourceQuality "1"]
[TimeControl "900+10"]

1. d4 Nf6 2. c4 c5 3. d5 e5 4. Nc3 d6 5. e4 g6 6. Nf3 {[%emt 0:00:02] A56: Czech Benoni.} h5 ({Black should play} 6... Bg7 $14) 7. Be2 {[%emt 0:00:03] [#]} Ng8 $146 {Weighted Error Value: White=0.32/Black=0.28 (precise)} (7... Bg4 $142) ({Predecessor:} 7... Bh6 8. Bxh6 Rxh6 9. Qd2 Rh8 10. Ng5 Nh7 11. Nxh7 Rxh7 12. f4 Nd7 13. Nb5 Ke7 14. g3 {½-½ (51) Punin,A (2252)-Frolov,A (2405) Lvov 2017}) 1/2-1/2

[Event "1st Anfield Cup 2022"]
[Site "Kyiv"]
[Date "2022.09.24"]
[Round "4.1"]
[White "Vysochin, Spartak"]
[Black "Samunenkov, Ihor"]
[Result "1-0"]
[ECO "B13"]
[WhiteElo "2512"]
[BlackElo "2469"]
[Annotator "TA"]
[PlyCount "55"]
[EventDate "2022.09.20"]
[EventType "swiss"]
[EventCountry "UKR"]
[SourceTitle "playchess.com"]
[Source "ChessBase"]
[SourceQuality "1"]
[TimeControl "900+10"]

1. e4 c6 2. d4 d5 3. exd5 cxd5 4. Bd3 Nf6 5. h3 Nc6 6. c3 e5 7. dxe5 Nxe5 8. Nf3 Nxd3+ {[%emt 0:01:04] B13: Caro-Kann: Exchange Variation and Panov-Botvinnik Attack.} 9. Qxd3 Bd6 {[%emt 0:00:23] now supersedes 9...Be7.} 10. O-O O-O {[%emt 0:00:03] The position is equal.} 11. Bg5 h6 12. Bh4 g5 13. Bg3 Bxg3 14. fxg3 Ne4 15. Nd4 Qb6 16. Nd2 Qxb2 17. Nxe4 dxe4 18. Qe3 {[%emt 0:01:10] [#]} Bd7 $146 (18... Re8 $11) ({Predecessor:} 18... Re8 19. Rf6 Be6 20. Raf1 Bc4 21. Rxh6 Bxf1 22. Qxg5+ Kf8 23. Rh8# {1-0 (23) Ivic,V (2581)-Vitenberg,N (2320) Chess.com INT 2020}) 19. Rfb1 $14 Qa3 20. Rxb7 Rfd8 ({Black should try} 20... Rad8 $14) 21. Rf1 $16 {[%emt 0:01:24] White has more active pieces.} Qxa2 22. Qxe4 Rab8 (22... Re8 $16 23. Qf3 Be6) 23. Rc7 {[%emt 0:03:25] [#] Strongly threatening c4.} Rbc8 (23... Re8 $16 24. Qf3 g4 25. hxg4 Be6) 24. Qe7 $18 {[%emt 0:00:48][%cal Oc3c4] Black must now prevent c4!} Qd5 (24... Be6 25. Rxa7 Re8) 25. Kh2 (25. Rf6 $142 Bxh3 26. gxh3 Rxc7 27. Qxc7) 25... a5 $2 (25... Be6 26. Nxe6 (26. Rxa7 Rd7 $18) 26... Qxe6 27. Rxf7 (27. Qxf7+ Qxf7 28. Rcxf7 a5 $16) (27. Rxa7 Qxe7 28. Rxe7 Rf8 $16) 27... Qxe7 28. Rcxe7 (28. Rfxe7 Rxc7 29. Rxc7 Ra8 $14) 28... Rd6 29. Rg7+ (29. Rxa7 Rxc3 30. Rg7+ Kh8 $18) 29... Kh8 30. Rh7+ (30. Rxa7 Rxc3 31. Rh7+ Kg8 $18) 30... Kg8 31. Reg7+ (31. Rxa7 Rxc3 32. Rhb7 Rc8 $18) 31... Kf8 32. Rxa7 Kg8 33. Rag7+ Kf8 34. Rxg5 Rxc3) 26. Rf6 (26. c4 $142 Qxd4 27. Qxf7+ Kh8 {[#]} 28. Rf6 $1 Qxf6 29. Qxf6+ Kh7 30. Qe7+ Kg8 31. c5) 26... a4 27. c4 Re8 28. Rxc8 {[%emt 0:00:27] Weighted Error Value: White=0.37/Black=0.71} ({Weaker is} 28. cxd5 Rxe7 29. Rb7 Re4 $14) 1-0

[Event "1st Anfield Cup 2022"]
[Site "Kyiv"]
[Date "2022.09.24"]
[Round "4.2"]
[White "Kislinsky, Alexey"]
[Black "Malakhatko, Vadim"]
[Result "1/2-1/2"]
[ECO "C07"]
[WhiteElo "2301"]
[BlackElo "2448"]
[Annotator "TA"]
[PlyCount "36"]
[EventDate "2022.09.20"]
[EventType "swiss"]
[EventCountry "UKR"]
[SourceTitle "playchess.com"]
[Source "ChessBase"]
[SourceQuality "1"]
[TimeControl "900+10"]

1. e4 e6 2. d4 d5 3. Nd2 c5 4. exd5 Qxd5 5. Ngf3 cxd4 6. Bc4 Qd8 7. O-O Nc6 8. Nb3 a6 {[%emt 0:00:02] C07: French Tarrasch: 3...c5, 4 Ngf3 and 4 exd5 Qxd5.} 9. Nbxd4 Nxd4 10. Qxd4 Qxd4 11. Nxd4 Bd7 $1 {[%emt 0:00:01] [#] Black did not feel at home in the position after the opening. 11...Bd7 scores better than 11...Nf6.} {Predecessor:} 12. Bf4 $146 Rc8 13. Be2 Bc5 14. Rad1 Ne7 15. c3 Ba4 16. Nb3 Bb6 17. Rd2 Bc7 18. Bxc7 Rxc7 {½-½ (31) Li,D (2561)-Xu,Y (2554) Xinghua 2021} 1/2-1/2